 Dungeon Crawl Stone Soup version 0.20.0-10-g0535bb4 (webtiles) character file.

240 Naow the Cudgeler (level 5, -4/41 HPs)
             Began as a Demonspawn Monk on June 7, 2017.
             Killed by divine providence
             ... invoked by an orc priest
              (10 damage)
             ... on level 3 of the Dungeon.
             The game lasted 00:04:37 (3763 turns).

Naow the Cudgeler (Demonspawn Monk)                 Turns: 3763, Time: 00:04:38

Health: -4/41      AC: 10    Str: 13    XL:     5   Next: 79%
Magic:  0/5        EV:  3    Int: 11    God:
Gold:   113        SH:  0    Dex: 15    Spells: 4/4 levels left

rFire    . . .     SeeInvis .   a - +0 mace
rCold    . . .     Gourm    .   (no shield)
rNeg     . . .     Faith    .   i - +0 plate armour
rPois    .         Spirit   +   (helmet restricted)
rElec    .         Reflect  .   (no cloak)
rCorr    .         Harm     .   (no gloves)
MR       .....                  (no boots)
Stlth    ..........             (no amulet)
Regen    0.2/turn               (no ring)
MPRegen  0.1/turn               (no ring)

@: drained
A: antennae 1, talons 1, spiny 1, magic shield
a: no special abilities


You were on level 3 of the Dungeon.
You were not hungry.

You visited 1 branch of the dungeon, and saw 4 of its levels.

You collected 113 gold pieces.

Inventory:

Hand Weapons
 a - a +0 mace (weapon)
Armour
 b - a +0 robe
 i - a +0 plate armour (worn)
Wands
 o - a wand of digging (18/24)
Scrolls
 e - 3 scrolls of remove curse {unknown}
 f - a scroll of identify {unknown}
 j - a scroll of teleportation {unknown}
 k - a scroll of random uselessness {unknown}
 m - 3 scrolls of fog {unknown}
 n - a scroll of enchant armour {unknown}
 p - 3 scrolls of recharging {unknown}
 q - a scroll of magic mapping {unknown}
Potions
 d - a potion of might {unknown}
 g - a potion of haste {unknown}
 h - 2 potions of experience {unknown}
 l - a potion of agility {unknown}
 s - a potion of flight {unknown}
Comestibles
 c - 3 bread rations
 r - a meat ration
 t - 3 chunks of flesh


   Skills:
 - Level 3.0(2.5) Fighting
 + Level 6.0(5.5) Maces & Flails
 - Level 2.6(2.2) Dodging
 - Level 1.7(1.3) Stealth


You had 4 spell levels left.
You didn't know any spells.

Dungeon Overview and Level Annotations

Branches:
Dungeon (4/15)
 Temple: D:4-7

Altars:
Nemelex Xobeh
Beogh


Innate Abilities, Weirdness & Mutations

You have a pair of small antennae on your head.
You have sharp toenails.
You are partially covered in sharp spines.
When hurt, damage is shared between your health and your magic reserves.


Message History

The orc priest hits you but does no damage.
The orc priest is struck by your spines.
The orc priest completely misses you.
The orc priest looks braver for a moment.
You hit the orc but do no damage. You claw the orc, but do no damage.
The orc hits you but does no damage.
Your plate armour prevents you from hitting the orc.
The orc hits you with a mace.
You hit the orc. You claw the orc, but do no damage.
The orc is lightly wounded.
The orc is struck by your spines. The orc hits you but does no damage.
The orc priest mumbles some strange prayers to Beogh against you.
Beogh smites you!
The orc priest looks encouraged for a moment.
The orc priest mumbles some strange prayers to Beogh against you.
Beogh smites you!
* * * LOW HITPOINT WARNING * * *
The orc priest invokes the aid of Beogh against you.
Beogh smites you!
You die...

÷# #.# #.# #. .#### #.#
#####.#### #. ....# ##'##
#........## #. ###.# ##...##
#.........# #. #.# ##.....##
#.....##..# #. #.#
##.......####...####..# #.
#.###................###..####.
###...'..÷........o.o............
....###.........@##..)......####.
..### ##.......#.o.##'##.##.# #.
.## ##...<.######...##...# #. .#
##...## .8.8.##### #. .# ##'##
#$..$.# #. .# ##.##### #.8$8$# #.
.## #......# ##._.## #.
..########..###.# ### #.
.............##.# #.


You could see 2 orc priests and an orc.

Vanquished Creatures
  The ghost of Shimatora the Insei, an amateur OpTm (D:3)
  A bullfrog skeleton (D:4)
  A worker ant (D:4)
  A hound zombie (D:1)
  2 adders (D:2)
  2 oozes (D:2)
  A worm (D:2)
  2 dart slugs (D:1)
  3 leopard geckos
  2 orcs
  A ball python (D:2)
  4 giant cockroaches (D:1)
  9 hobgoblins
  A quokka (D:3)
  12 bats
  4 frilled lizards
  9 goblins
  8 kobolds
  5 rats
69 creatures vanquished.

Notes
Turn   | Place    | Note
-------+----------+-------------------------------------------
     0 | D:1      | Naow the Demonspawn Monk began the quest for the Orb.
     0 | D:1      | Reached XP level 1. HP: 18/18 MP: 1/1
   285 | D:1      | Reached skill level 3 in Maces & Flails
   371 | D:1      | Gained mutation: You have sharp toenails. [demonic ancestry]
   371 | D:1      | Reached XP level 2. HP: 9/24 MP: 2/2
  1058 | D:1      | Reached skill level 4 in Maces & Flails
  1058 | D:1      | Gained mutation: You are partially covered in sharp spines. [demonic ancestry]
  1058 | D:1      | Reached XP level 3. HP: 25/29 MP: 3/3
  1707 | D:2      | Gained mutation: You have a pair of small antennae on your head. [demonic ancestry]
  1707 | D:2      | Reached XP level 4. HP: 25/35 MP: 4/4
  2556 | D:2      | Found a sparkling altar of Nemelex Xobeh.
  2852 | D:3      | Noticed Shimatora's ghost (amateur OpTm)
  2891 | D:4      | Reached skill level 5 in Maces & Flails
  3053 | D:4      | Noticed an ogre
  3072 | D:4      | Gained mutation: When hurt, damage is shared between your health and your magic reserves. [demonic ancestry]
  3072 | D:4      | Reached XP level 5. HP: 27/41 MP: 5/5
  3237 | D:3      | Killed Shimatora's ghost
  3567 | D:3      | Reached skill level 6 in Maces & Flails
  3750 | D:3      | Found a roughly hewn altar of Beogh.
  3763 | D:3      | Killed from afar by an orc priest

Skill      XL: |  1  2  3  4  5 |
---------------+----------------+-----
Maces & Flails | 3 4 5 6 |  6.0
Fighting       | |  3.0
Dodging        | |  2.6
Stealth        | |  1.7

Action                   |  1- 3 |  4- 6 || total
-------------------------+-------+-------++-------
Melee: Mace              |   119 |    59 ||   178
       Kick              |    18 |    13 ||    31
 Stab: Sleeping          |     4 |     8 ||    12
       Distracted        |     1 |       ||     1
  Eat: Chunk             |     3 |     6 ||     9
Armor: Robe              |    29 |     5 ||    34
       Plate armour      |       |     5 ||     5
Dodge: Dodged            |   101 |    32 ||   133
